 Dungeon Crawl Stone Soup version 0.21-a0-405-gf2af9a1 (webtiles) character file.

3815 drevant the Spear-Bearer (level 9, -2/109 HPs)
             Began as a Demonspawn Abyssal Knight on Nov 1, 2017.
             Was a High Priest of Lugonu.
             Killed from afar by Joseph (23 damage)
             ... with a wand of lightning (?/15)
             ... on level 8 of the Dungeon.
             The game lasted 00:22:42 (9785 turns).

drevant the Spear-Bearer (DsAK)                     Turns: 9785, Time: 00:22:42

Health: -2/109     AC:  6    Str: 20    XL:     9   Next: 97%
Magic:  19/19      EV: 14    Int: 15    God:    Lugonu [*****.]
Gold:   401        SH:  0    Dex: 12    Spells: 5/8 levels left

rFire    . . .     SeeInvis .   d - +2 spear (venom)
rCold    + . .     Gourm    .   (no shield)
rNeg     . . .     Faith    .   u - +0 ring mail
rPois    .         Spirit   .   (no helmet)
rElec    .         Reflect  .   (no cloak)
rCorr    .         Harm     .   (no gloves)
MR       .....                  k - +0 pair of boots
Stlth    ..........             (no amulet)
HPRegen  0.28/turn              w - ring of protection from cold
MPRegen  0.16/turn              z - ring of magical power

@: berserking, very quick
A: claws 1, powered by death 1, spiny 1, sturdy frame 2
a: Depart the Abyss, Bend Space, Banish, Corrupt, Enter the Abyss, Renounce
Religion


You were on level 8 of the Dungeon.
You worshipped Lugonu.
Lugonu was extremely pleased with you.
You were not hungry.

You visited 1 branch of the dungeon, and saw 8 of its levels.
You visited the Abyss 1 time.
You also visited: Ossuary.

You collected 401 gold pieces.

Inventory:

Hand Weapons
 a - a +1 spear
 d - a +2 spear of venom (weapon)
 m - the +1 trident "Sipnaeg" {speed, rF- rC+ MP+9}
   (You found it on level 8 of the Dungeon)

   Attacks with this weapon are significantly faster.
   It makes you vulnerable to fire.
   It protects you from cold.
   It affects your magic capacity (+9).
 S - a +1 spear of flaming
Missiles
 f - 220 stones (quivered)
Armour
 b - a +0 leather armour
 k - a +0 pair of boots (worn)
 u - a +0 ring mail (worn)
Jewellery
 g - an uncursed ring of flight
 q - an uncursed ring of resist corrosion
 s - a +3 ring of strength
 w - a ring of protection from cold (left claw)
 z - a ring of magical power (right claw)
 P - an uncursed ring of magical power
 Q - an uncursed ring of fire {unknown}
Wands
 r - a wand of flame (22/48)
 v - a wand of lightning (10/15)
 C - a wand of confusion (24/48)
Scrolls
 e - 7 scrolls of remove curse
 j - 3 scrolls of immolation
 l - 3 scrolls of enchant weapon {unknown}
 n - 5 scrolls of enchant armour
 o - 4 scrolls of recharging
 p - 2 scrolls of fog {unknown}
 y - a scroll of magic mapping {unknown}
 B - a scroll of blinking {unknown}
 F - 2 scrolls of fear {unknown}
 G - 3 scrolls of teleportation
 H - a scroll of summoning {unknown}
 K - a scroll of holy word {unknown}
Potions
 h - 4 potions of curing
 t - 2 potions of flight
 x - 2 potions of heal wounds
 A - 3 potions of lignification
 D - a potion of mutation
 E - a potion of resistance
 J - 2 potions of agility
 N - a potion of invisibility
Books
 L - a Young Poisoner's Handbook

   Spells                             Type                      Level
   a - Sting                          Conjuration/Poison           1
   b - Poisonous Vapours              Poison/Air                   2
   c - Mephitic Cloud                 Conjuration/Poison/Air       3
   d - Olgreb's Toxic Radiance        Poison                       4
   e - Venom Bolt                     Conjuration/Poison           5
 M - a book of Necromancy

   Spells                             Type                      Level
   a - Pain                           Necromancy                   1
   b - Animate Skeleton               Necromancy                   1
   c - Vampiric Draining              Necromancy                   3
   d - Regeneration                   Charms/Necromancy            3
   e - Animate Dead                   Necromancy                   4
   f - Control Undead                 Necromancy                   4
Comestibles
 c - 3 bread rations
 O - 6 fruits


   Skills:
 + Level 7.7 Fighting
 * Level 9.5 Polearms
 + Level 3.5 Armour
 - Level 5.7 Dodging
 - Level 2.4 Invocations


You had 5 spell levels left.
You knew the following spells:

 Your Spells              Type           Power        Failure   Level  Hunger
a - Regeneration          Chrm/Necr      #.........   65%         3    ####...


Dungeon Overview and Level Annotations

Branches:
Dungeon (8/15)             Temple (0/1) D:5
   Lair: D:8-11

Altars:
Elyvilon
Gozag
Hepliaklqana
Kikubaaqudgha
Qazlal
Ru
Wu Jian
Xom
The Shining One

Annotations:
D:4 NormalPerson7's ghost, amateur OpWz
D:5 Scuka's ghost, novice TrMo
D:8 Joseph


Innate Abilities, Weirdness & Mutations

You have sharp fingernails.
You regenerate a little health from kills.
You are partially covered in sharp spines.
Your movements are less encumbered by armour. (ER -4)


Message History

Aim: Joseph, wielding a hunting sling and wearing a leather armour (lightly wounded, poisoned)
You reach to attack!
You barely miss Joseph.
Joseph is lightly wounded.
Joseph shoots a sling bullet.
The sling bullet hits you!!
Joseph unwields an uncursed hunting sling.
Joseph wields an uncursed quarterstaff.
Joseph is struck by your spines.
Joseph hits you with an uncursed quarterstaff!
A red film seems to cover your vision as you go berserk!
You feel yourself moving faster!
You feel mighty!
You puncture Joseph!
Joseph looks as sick as possible!
Joseph is moderately wounded.
Joseph is struck by your spines. Joseph hits you but does no damage.
You puncture Joseph!
Joseph looks as sick as possible!
Joseph is severely wounded.
You hit Joseph.
Joseph looks as sick as possible!
Joseph is almost dead.
Joseph zaps a wand.
The bolt of lightning hits you!
* * * LOW HITPOINT WARNING * * *
The bolt of lightning hits you!
You die...

.....##.#.#..........#...#######.
..##.##..............#... .......
..##.........#.#.........######..
.............#......(#...# #.....
####.##.#.##.#.##...........###..
#.####.## #.##.(#.#..# ###.. #.#
#.# #............ ...... #.#
#.##.#.##(.#.#..#. ####.. ...
........@..#.#!.# #.. #.#
####...@......... ..... #..
......###.##### ##### ### #####.
#.# # # #$# # ## #


You could see Joseph.

Vanquished Creatures
  The ghost of shackes the Grappler, a novice TrWz of Okawaru (D:7)
  A hippogriff (D:7)
  Eustachio (D:4)
  A phantom (D:4)
  2 necrophages
  An ogre (D:4)
  3 centaurs
  4 bullfrogs
  A water moccasin skeleton (D:7)
  8 scorpions
  3 killer bees (D:7)
  3 wights (D:7)
  3 howler monkeys
  5 crimson imps
  3 bullfrog zombies
  4 centaur zombies (Ossuary)
  A quasit (D:5)
  A human zombie (Ossuary)
  A hound (D:7)
  4 orc priests
  A bullfrog skeleton (D:7)
  2 jellies
  An orc wizard (D:4)
  Ijyb (D:3)
  2 centaur skeletons (D:4)
  5 worker ants
  A big kobold zombie (Ossuary)
  A hound skeleton (D:6)
  2 mummies (Ossuary)
  2 worker ant zombies
  9 gnolls
  A howler monkey skeleton (D:7)
  14 adders
  2 scorpion zombies (Ossuary)
  A shadow imp (D:8)
  3 oozes
  3 adder skeletons
  2 worms (D:3)
  2 dart slugs
  4 leopard geckos
  28 orcs
  11 bats
  6 giant cockroaches
  11 goblins
  6 hobgoblins
  8 quokkas
  2 ball pythons (D:1)
  A ball python skeleton (D:4)
  6 frilled lizards
  4 goblin zombies (Ossuary)
  3 hobgoblin zombies (Ossuary)
  9 kobolds
  3 kobold zombies (Ossuary)
  A leopard gecko zombie (D:5)
  11 rats
220 creatures vanquished.

Vanquished Creatures (others)
  A centaur zombie (Ossuary)
  A mummy (Ossuary)
2 creatures vanquished.

Grand Total: 222 creatures vanquished

Notes
Turn   | Place    | Note
-------+----------+-------------------------------------------
     0 | Abyss:1  | drevant the Demonspawn Abyssal Knight began the quest for the Orb.
     0 | Abyss:1  | Reached XP level 1. HP: 18/18 MP: 2/2
     3 | Abyss:1  | Found a corrupted altar of Lugonu.
    47 | Abyss:1  | Noticed an ancient zyme
    56 | Abyss:1  | Noticed a small abomination
    65 | D:1      | Escaped the Abyss
   305 | D:1      | Reached skill level 2 in Polearms
   412 | D:1      | Gained mutation: Your movements are slightly less encumbered by armour. (ER -2) [demonic ancestry]
   412 | D:1      | Reached XP level 2. HP: 24/24 MP: 3/3
   415 | D:1      | Reached * piety under Lugonu
   643 | D:1      | Reached XP level 3. HP: 27/29 MP: 4/4
  1314 | D:2      | Reached skill level 3 in Polearms
  1468 | D:1      | Gained mutation: You regenerate a little health from kills. [demonic ancestry]
  1468 | D:1      | Reached XP level 4. HP: 36/36 MP: 5/5
  1478 | D:1      | Reached ** piety under Lugonu
  2089 | D:3      | Gained mutation: You have sharp fingernails. [demonic ancestry]
  2089 | D:3      | Reached XP level 5. HP: 41/42 MP: 6/6
  2499 | D:3      | Noticed Ijyb
  2511 | D:3      | Killed Ijyb
  2511 | D:3      | Reached skill level 4 in Polearms
  2511 | D:3      | Reached skill level 1 in Dodging
  2696 | D:3      | Found a sacrificial altar of Ru.
  2801 | D:4      | Reached *** piety under Lugonu
  2835 | D:4      | Reached XP level 6. HP: 47/48 MP: 7/7
  3115 | D:4      | Noticed NormalPerson7's ghost (amateur OpWz)
  3436 | D:4      | Noticed Eustachio
  3452 | D:5      | Entered Level 5 of the Dungeon
  3472 | D:5      | Found a staircase to the Ecumenical Temple.
  3894 | D:5      | Noticed Scuka's ghost (novice TrMo)
  3931 | D:4      | Killed Eustachio
  3931 | D:4      | Reached skill level 5 in Polearms
  3931 | D:4      | Gained mutation: Your movements are less encumbered by armour. (ER -4) [demonic ancestry]
  3931 | D:4      | Reached XP level 7. HP: 41/55 MP: 8/8
  4095 | D:4      | Reached skill level 5 in Fighting
  4729 | D:4      | Reached skill level 6 in Polearms
  4996 | D:4      | Reached XP level 8. HP: 25/62 MP: 9/9
  5375 | D:5      | Found an ornate altar of the Wu Jian Council.
  5375 | D:5      | Found a stormy altar of Qazlal.
  5375 | D:5      | Found an ancient bone altar of Kikubaaqudgha.
  5375 | D:5      | Found an ancient bone altar of Kikubaaqudgha.
  5377 | D:5      | Found a glowing golden altar of the Shining One.
  5380 | D:5      | Found an opulent altar of Gozag.
  5381 | D:5      | Found an ornate altar of the Wu Jian Council.
  5381 | D:5      | Found a white marble altar of Elyvilon.
  5381 | D:5      | Found a shimmering altar of Xom.
  5381 | D:5      | Found an ancient bone altar of Kikubaaqudgha.
  5381 | D:5      | Found a hazy altar of Hepliaklqana.
  5381 | D:5      | Found a shimmering altar of Xom.
  5799 | D:6      | Reached **** piety under Lugonu
  5803 | D:6      | Found a sand-covered staircase.
  5813 | Ossuary  | Entered an ossuary
  5862 | Ossuary  | Reached skill level 7 in Polearms
  6999 | D:6      | Gained mutation: You are partially covered in sharp spines. [demonic ancestry]
  6999 | D:6      | Reached XP level 9. HP: 69/70 MP: 10/10
  7077 | D:6      | Reached skill level 8 in Polearms
  7086 | D:6      | Learned a level 3 spell: Regeneration
  7267 | D:6      | Reached skill level 5 in Dodging
  7853 | D:7      | Noticed shackes's ghost (novice TrWz)
  7902 | D:7      | Killed shackes's ghost
  7930 | D:7      | Reached skill level 9 in Polearms
  8112 | D:7      | Reached ***** piety under Lugonu
  9359 | D:8      | Got a crystal trident
  9360 | D:8      | Identified the +1 trident "Sipnaeg" {speed, rF- rC+ MP+9} (You found it on level 8 of the Dungeon)
  9776 | D:8      | Noticed Joseph
  9785 | D:8      | Killed from afar by Joseph

Vault maps used:
D:1:      dpeg_arrival_rooms_b, minmay_tetromino_t2
D:2:      minivault_4, grunt_ministairs_9, hangedman_abyss_or_decor_stabs
D:3:      nicolae_ru_the_path_less_chosen, first_bread,
          corexii_item_surrounded_by_moat, uniq_ijyb
D:4:      minmay_opposing_rooms, hangedman_abyss_or_decor_jellyfish_corner,
          uniq_eustachio
D:5:      temple_doors_ab, serial_glass, glass_columns_a, glass_columns_c,
          glass_columns_b, glass_columns_a, glass_columns_a, glass_columns_b,
          glass_columns_c, glass_columns_b
D:6:      nicolae_ossuary_entry_ruins
D:8:      uniq_joseph
Ossuary:  ossuary_minmay_scorpions

Skill      XL: |  1  2  3  4  5  6  7  8  9 |
---------------+----------------------------+-----
Polearms       | 2 3 4 5 6 7 9 |  9.5
Armour         | 2 3 |  3.5
Fighting       | 4 5 6 7 |  7.7
Dodging        | 1 2 3 4 5 |  5.7
Invocations    | |  2.4

Action                   |  1- 3 |  4- 6 |  7- 9 || total
-------------------------+-------+-------+-------++-------
Melee: Spear             |   159 |   258 |   592 ||  1009
Throw: Stone             |    21 |     5 |     1 ||    27
Invok: Depart the Abyss  |     1 |       |       ||     1
  Use: Potion            |     4 |     4 |     7 ||    15
       Scroll            |       |     4 |     8 ||    12
 Stab: Sleeping          |     2 |     1 |       ||     3
  Eat: Chunk             |     2 |     8 |    12 ||    22
       Fruit             |       |       |     3 ||     3
       Bread ration      |       |       |     1 ||     1
Armor: Leather armour    |    45 |    18 |       ||    63
       Skin              |    18 |     5 |       ||    23
       Ring mail         |       |   113 |    80 ||   193
Dodge: Dodged            |    88 |   173 |   204 ||   465

Table legend:
 A = Spawn XP
 B = Non-spawn XP
 C = Spawn XP percentage of total XP
 D = Spawn monster count
 E = Non-spawn monster count
 F = Spawn count percentage of total count
 G = Total turns spent on level
                    A         B        C        D         E        F      G
               +---------+---------+-------+---------+---------+-------+---------
         Total |       0 |    5450 |   0.0 |       0 |     220 |   0.0 |  9785
               +---------+---------+-------+---------+---------+-------+---------
           D:1 |       0 |     104 |   0.0 |       0 |      38 |   0.0 |  1107
           D:2 |       0 |      63 |   0.0 |       0 |      18 |   0.0 |   806
           D:3 |       0 |     141 |   0.0 |       0 |      27 |   0.0 |   779
           D:4 |       0 |     850 |   0.0 |       0 |      34 |   0.0 |  1665
           D:5 |       0 |     525 |   0.0 |       0 |      26 |   0.0 |  1302
           D:6 |       0 |     849 |   0.0 |       0 |      19 |   0.0 |   794
           D:7 |       0 |    1967 |   0.0 |       0 |      26 |   0.0 |  1816
           D:8 |       0 |     145 |   0.0 |       0 |       5 |   0.0 |   473
       Ossuary |       0 |     806 |   0.0 |       0 |      27 |   0.0 |   978
               +---------+---------+-------+---------+---------+-------+---------
